 Dungeon Crawl Stone Soup version 0.20.0-4-g10b340a (webtiles) character file.

854 McKennaii the Covert (level 8, 0/54 HPs)
             Began as an Octopode Assassin on May 28, 2017.
             Slain by an ice beast (11 damage)
             ... on level 5 of the Dungeon.
             The game lasted 00:11:58 (4475 turns).

McKennaii the Covert (Octopode Assassin)            Turns: 4475, Time: 00:11:58

Health: 0/54       AC:  7    Str: 11    XL:     8   Next: 1%
Magic:  8/8        EV: 15    Int: 13    God:
Gold:   248        SH:  0    Dex: 15    Spells: 7/7 levels left

rFire    . . .     SeeInvis .   t - +3 short sword
rCold    . . .     Gourm    .   (no shield)
rNeg     . . .     Faith    .   (helmet restricted)
rPois    +         Spirit   .   (no amulet)
rElec    .         Reflect  .   i - ring of poison resistance
rCorr    .         Harm     .   n - +4 ring of protection
MR       .....                  r - +2 ring of protection
Stlth    +++++.....             y - ring of flight
Regen    0.2/turn               (no ring)
MPRegen  0.2/turn               (no ring)
                                (no ring)
                                (no ring)

@: no status effects
A: almost no armour, stealthy swim, amphibious, 8 rings, constrict 8, camouflage
1, gelatinous body 1
a: Evoke Flight


You were on level 5 of the Dungeon.
You were hungry.

You visited 1 branch of the dungeon, and saw 5 of its levels.

You collected 248 gold pieces.

Inventory:

Hand Weapons
 b - a +0 blowgun
 t - a +3 short sword (weapon)
Missiles
 c - 20 poisoned needles (quivered)
 d - 7 curare-tipped needles
Jewellery
 i - a ring of poison resistance (left tentacle)
 n - a +4 ring of protection (right tentacle)
 r - a +2 ring of protection (on tentacle)
 y - a ring of flight (on tentacle)
Wands
 B - a wand of confusion (20/48)
Scrolls
 e - 2 scrolls of identify
 j - a scroll of teleportation
 k - 4 scrolls of remove curse
 m - a scroll of immolation
 o - a scroll of blinking {unknown}
 q - a scroll of enchant armour {unknown}
 u - a scroll of random uselessness {unknown}
 v - a scroll of recharging {unknown}
 E - a scroll of enchant weapon {unknown}
Potions
 a - 2 potions of ambrosia {unknown}
 h - a potion of cancellation
 l - 2 potions of brilliance {unknown}
 p - 2 potions of mutation {unknown}
 w - a potion of haste {unknown}
 x - 3 potions of curing {unknown}
 z - a potion of heal wounds
 A - 2 potions of magic {unknown}
 C - a potion of lignification {unknown}
 D - a potion of might {unknown}
Comestibles
 f - 6 bread rations
 g - 2 meat rations
 s - 9 fruits


   Skills:
 + Level 3.8 Fighting
 + Level 4.7 Short Blades
 * Level 3.1 Throwing
 + Level 3.7 Dodging
 + Level 8.9 Stealth


You had 7 spell levels left.
You didn't know any spells.

Dungeon Overview and Level Annotations

Branches:
Dungeon (5/15)
 Temple: D:4-7

Altars:
Gozag


Innate Abilities, Weirdness & Mutations

You cannot wear most types of armour.
You are very stealthy in the water. (Stealth+)
You are amphibious.
You can wear up to eight rings at the same time.
You can use your tentacles to constrict eight enemies at once.
Your skin changes colour to match your surroundings (Stealth+).
Your rubbery body absorbs attacks. (AC +1, EV +1)


Message History

You are too injured to fight recklessly!
You hit the ice beast.
You squeeze the ice beast, but do no damage.
The ice beast is severely wounded.
The ice beast hits you. The ice beast freezes you.
* * * LOW HITPOINT WARNING * * *
You hit the ice beast.
The ice beast is severely wounded.
The ice beast barely misses you.
You hit the ice beast but do no damage.
The ice beast is severely wounded.
The ice beast closely misses you.
You hit the ice beast.
The ice beast is almost dead.
You hit the ice beast but do no damage.
The ice beast is almost dead.
The ice beast hits you.
* * * LOW HITPOINT WARNING * * *
The ice beast freezes you!
You die...

...'......#
...#......#......#
..<#......#[.....#
...#########.....#
...# ###.....# ...#
#.......# ...#
#.......# (# ...#
+.......##..(## ...##
#.....@Y...... ....#
######'###..... ....+
#........# .## ....#
#........# ....#
#........+ ....#
#........#
....######.).........
###...................
..#.......########....


You could see an ice beast.

Vanquished Creatures
  An ogre (D:4)
  5 wights
  A howler monkey (D:5)
  2 hounds
  A bullfrog skeleton (D:4)
  An orc priest (D:5)
  2 orc wizards
  6 worker ants
  A hound skeleton (D:5)
  Robin (D:4)
  A howler monkey skeleton (D:5)
  7 adders
  5 worms
  3 dart slugs
  2 leopard geckos
  11 orcs
  3 ball pythons (D:1)
  10 hobgoblins
  7 jackals (D:2)
  5 kobolds
  2 quokkas
  5 bats
  8 frilled lizards
  13 goblins
  4 rats
107 creatures vanquished.

Notes
Turn   | Place    | Note
-------+----------+-------------------------------------------
     0 | D:1      | McKennaii the Octopode Assassin began the quest for the Orb.
     0 | D:1      | Reached XP level 1. HP: 14/14 MP: 1/1
   290 | D:1      | Reached XP level 2. HP: 18/19 MP: 2/2
   729 | D:1      | Reached skill level 6 in Stealth
   895 | D:2      | Reached XP level 3. HP: 18/24 MP: 3/3
  1227 | D:2      | Reached XP level 4. HP: 27/29 MP: 4/4
  1379 | D:2      | Reached skill level 7 in Stealth
  1717 | D:3      | Reached XP level 5. HP: 35/35 MP: 5/5
  1938 | D:2      | Reached skill level 8 in Stealth
  1938 | D:2      | Reached XP level 6. HP: 21/41 MP: 6/6
  3021 | D:4      | Found an opulent altar of Gozag.
  3420 | D:4      | Reached XP level 7. HP: 43/46 MP: 7/7
  3624 | D:4      | Noticed Robin
  3658 | D:4      | Killed Robin
  4095 | D:5      | Entered Level 5 of the Dungeon
  4390 | D:5      | Reached XP level 8. HP: 41/54 MP: 8/8
  4475 | D:5      | Slain by an ice beast

Skill      XL: |  1  2  3  4  5  6  7 |
---------------+----------------------+-----
Stealth        | 6 7 8 |  8.9
Dodging        | 2 3 |  3.7
Short Blades   | 3 4 |  4.7
Fighting       | 3 |  3.8
Throwing       | 3 |  3.1

Action                   |  1- 3 |  4- 6 |  7- 9 || total
-------------------------+-------+-------+-------++-------
Melee: Dagger            |    58 |    41 |       ||    99
       Tentacles         |    13 |    27 |    16 ||    56
       Constrict         |    11 |    35 |    16 ||    62
       Short sword       |       |    91 |    87 ||   178
  Use: Scroll            |       |     6 |       ||     6
       Potion            |       |     1 |       ||     1
 Stab: Sleeping          |     7 |     4 |     5 ||    16
       Distracted        |       |     1 |       ||     1
  Eat: Chunk             |     1 |     5 |     4 ||    10
       Fruit             |       |     1 |       ||     1
Armor: Skin              |     8 |    22 |    23 ||    53
Dodge: Dodged            |    28 |    99 |    81 ||   208
